 Dungeon Crawl Stone Soup version 0.26-a0-649-gf8c6c3aab7 (webtiles) character file.

Game seed: 13254163780711458202

161 grandjackal the Firebug (level 5, 0/42 HPs)
             Began as a Hill Orc Fire Elementalist on Sept 27, 2020.
             Slain by an orc wizard
             ... wielding a +0 dagger
              (1 damage)
             ... on level 4 of the Dungeon.
             The game lasted 00:06:57 (4951 turns).

grandjackal the Firebug (HOFE)                      Turns: 4951, Time: 00:06:58

Health: 0/42       AC:  3    Str: 11    XL:     5   Next: 42%
Magic:  3/8        EV: 12    Int: 16    God:
Gold:   119        SH:  0    Dex: 11    Spells: 4/8 levels left

rFire    . . .     SeeInvis .   b - +0 hand axe
rCold    . . .     Faith    .   (no shield)
rNeg     . . .     Spirit   .   a - +0 robe
rPois    .         Reflect  .   k - +0 helmet
rElec    .         Harm     .   (no cloak)
rCorr    +         Rampage  .   (no gloves)
MR       .....                  (no boots)
Stlth    ..........             (no amulet)
HPRegen  0.14/turn              l - ring of resist corrosion
MPRegen  0.11/turn              h - ring of attention

@: confused, mighty, stab
A: no striking features
a: no special abilities


You were on level 4 of the Dungeon.
You visited 1 branch of the dungeon, and saw 4 of its levels.

You collected 119 gold pieces.

Inventory:

Hand Weapons
 b - a +0 hand axe (weapon)
 m - a +0 trident
Armour
 a - a +0 robe (worn)
 k - a +0 helmet (worn)
 p - a +0 buckler
Jewellery
 h - a ring of attention (right hand)
 l - a ring of resist corrosion (left hand)
Scrolls
 c - a scroll of blinking {unknown}
 d - 2 scrolls of remove curse
 e - 2 scrolls of fear
 f - a scroll of amnesia
 g - a scroll of enchant weapon {unknown}
 i - a scroll of fog {unknown}
 n - a scroll of teleportation
 o - a scroll of enchant armour {unknown}


   Skills:
 + Level 2.5 Fighting
 + Level 2.8 Axes
 - Level 1.5 Dodging
 - Level 1.5 Stealth
 + Level 0.0 Shields
 - Level 2.0 Spellcasting
 + Level 2.4 Conjurations
 + Level 4.2 Fire Magic


You had 4 spell levels left.
You knew the following spells:

 Your Spells              Type           Power        Failure   Level
a - Foxfire               Conj/Fire      ##..         5%          1
b - Conjure Flame         Conj/Fire      ##......     16%         3

Your spell library contained the following spells:

 Spells                   Type           Power        Failure   Level
 Inner Flame              Hex/Fire       #.......     26%         3
 Sticky Flame             Conj/Fire      ##......     45%         4
 Fireball                 Conj/Fire      ##........   82%         5


Dungeon Overview and Level Annotations

Branches:
Dungeon (4/15)
 Temple: D:4-7

Altars:
Ru
Wu Jian

Shops:
D:4 }

Annotations:
D:4 Robin


Message History

Something hits you but does no damage. The goblin hits you but does no damage.
You barely miss something. You hit the goblin.
You kill the goblin!
You completely miss the orc. The orc hits you with a +0 short sword.
* * * LOW HITPOINT WARNING * * *
A leopard gecko comes into view.
You hear some strange, mumbled words.
You are confused.
The worker ant bites you.
* * * LOW HITPOINT WARNING * * *
Unknown command.
Unknown command.
You bump into the rock wall.
The leopard gecko hisses angrily.
The orc hits you with a +0 short sword.
* * * LOW HITPOINT WARNING * * *
Robin roars a battlecry!
The goblins go into a battle-frenzy!
The worker ant misses you. Something hits you.
You die...

..............
............$.
.?.....!......
.........§#.#.#
............#..##
#...>.......# ..# ##g
#..........####{##.g.gl
#.........Woooo@ag.g...
#......<...#####g..#.#?
#...!.....## ##..∩.(
#!.........# #.#.
#..........# ..
...........# #
#...........
#...........#
#..$.?......#


You could see a phantom, a worker ant, Robin, 4 orcs, a leopard gecko and 5
goblins.

Vanquished Creatures
  A worker ant (D:2)
  3 gnolls (D:3)
  An adder (D:2)
  3 oozes
  4 worms
  A dart slug (D:1)
  3 leopard geckos
  3 orcs (D:2)
  A giant cockroach (D:1)
  12 goblins
  10 hobgoblins
  4 kobolds
  5 quokkas
  8 bats
  2 frilled lizards (D:2)
  5 rats
66 creatures vanquished.

Vanquished Creatures (others)
  72 foxfires
72 creatures vanquished.

Grand Total: 138 creatures vanquished

Notes
Turn   | Place    | Note
-------+----------+-------------------------------------------
     0 | D:1      | grandjackal the Hill Orc Fire Elementalist began the quest
                  | for the Orb.
     0 | D:1      | Reached XP level 1. HP: 14/14 MP: 3/3
   286 | D:1      | Reached XP level 2. HP: 22/22 MP: 4/4
   383 | D:1      | Reached skill level 1 in Fighting
  1068 | D:1      | Reached skill level 1 in Axes
  1068 | D:1      | Reached XP level 3. HP: 7/28 MP: 3/5
  2148 | D:2      | Found a faded altar of an unknown god.
  2639 | D:2      | Reached XP level 4. HP: 36/36 MP: 7/7
  2985 | D:2      | Reached skill level 4 in Fire Magic
  3379 | D:2      | Found a sacrificial altar of Ru.
  3379 | D:2      | Found an ornate altar of the Wu Jian Council.
  3805 | D:2      | Learned a level 3 spell: Conjure Flame
  4119 | D:3      | Reached XP level 5. HP: 41/41 MP: 5/8
  4323 | D:3      | Noticed an orc warrior
  4932 | D:4      | Noticed a phantom
  4938 | D:4      | Found Isec's Gadget Boutique.
  4949 | D:4      | Noticed Robin
  4951 | D:4      | HP: 1/42 [orc/+0 short sword (5)]
  4951 | D:4      | Slain by an orc wizard

Illustrated notes

Levels and vault maps discovered:
D:1:      giann_horns, layout_basic, hangedman_decor_peaks_small
D:2:      layout_basic, gammafunk_temple_overflow_elements,
          chequers_ecumenical_altar_grove
D:3:      layout_loops_ring, okawaru_altar_gauntlet_db
D:4:      layout_rooms, lemuel_crystal_altar, serial_shops,
          nicolae_shop_crystal, uniq_robin

Skill      XL: |  1  2  3  4 |
---------------+-------------+-----
Fighting       | 1 2 |  2.5
Axes           | 1 2 |  2.8
Spellcasting   | 2 |  2.0
Conjurations   | 2 |  2.4
Fire Magic     | 4 |  4.2
Dodging        | |  1.5
Stealth        | |  1.5

Action                   |  1- 3 |  4- 6 || total
-------------------------+-------+-------++-------
Melee: Hand axe          |   130 |    97 ||   227
       Unarmed           |     1 |       ||     1
 Cast: Foxfire           |     9 |    32 ||    41
       Conjure Flame     |       |     4 ||     4
  Use: Scroll            |       |     3 ||     3
       Potion            |       |     2 ||     2
 Stab: Sleeping          |     3 |       ||     3
Armor: Robe              |    22 |    25 ||    47
Dodge: Dodged            |   101 |    73 ||   174

Table legend: (Time is in decaauts)
 A = Elapsed time spent in this place.
 B = Non-inter-level travel time spent in this place.
 C = Inter-level travel time spent in this place.
 D = Time resting spent in this place.
 E = Time spent auto-exploring this place.
 F = Levels seen in this place.
 G = Mean time per level.
                   A        B        C        D        E       F      G
               +--------+--------+--------+--------+--------+-----+--------+
         Total |   5000 |   4900 |    100 |   2080 |   2093 |   4 | 1250.0 |
       Dungeon |   5000 |   4900 |    100 |   2080 |   2093 |   4 | 1250.0 |
               +--------+--------+--------+--------+--------+-----+--------+

Top non-repeatable levels by time:
     D:2: 2395 daAuts
     D:1: 1559 daAuts
     D:3: 1025 daAuts
     D:4: 19 daAuts
